 Dungeon Crawl Stone Soup version 0.27.1-33-g824d729ab1 (webtiles) character file.

Game seed: 13617034077340767262

46 emnemthenerd the Charlatan (level 3, 0/25 (28) HPs)
             Began as a Gnoll Artificer on Dec 14, 2021.
             Constricted to death by a ball python (1 damage)
             ... on level 2 of the Dungeon.
             The game lasted 00:19:01 (2812 turns).

emnemthenerd the Charlatan (Gnoll Artificer)        Turns: 2812, Time: 00:19:02

HP:   0/25 (28)     AC:  4    Str: 12    XL:     3   Next: 66%
MP:   4/4           EV:  9    Int: 10    God:
Gold: 92            SH:  0    Dex: 12    Spells: 3/3 levels left

rFire    . . .     SeeInvis .   a - +0 club
rCold    . . .     Faith    .   (no shield)
rNeg     . . .     Spirit   .   b - +1 leather armour
rPois    .         Reflect  .   (no helmet)
rElec    .         Harm     .   (no cloak)
rCorr    .         Rampage  .   (no gloves)
Will     .....                  (no boots)
Stlth    ++........             (no amulet)
HPRegen  0.08/turn              (no ring)
MPRegen  0.09/turn              (no ring)

@: constricted, heavily drained
A: fangs 1, strong nose, distributed training
a: no special abilities


You were on level 2 of the Dungeon.
You visited 1 branch of the dungeon, and saw 2 of its levels.

You collected 92 gold pieces.

Inventory:

Hand Weapons
 a - a +0 club (weapon)
 g - a +0 club
 h - a +0 dagger
 j - a +0 short sword
 m - a +0 club
 o - a +0 dagger
 s - a +2 dagger of draining
 u - a +0 hand axe
 x - a +1 dagger of draining
Missiles
 f - 19 sling bullets
 v - 9 poisoned darts
Armour
 b - a +1 leather armour (worn)
 k - a +0 robe
 p - a +1 pair of gloves
 w - a +0 leather armour
Wands
 c - a wand of flame (15) (quivered)
 d - a wand of charming (15)
Scrolls
 i - a scroll of summoning {unknown}
 l - a scroll of noise {unknown}
 n - a scroll of identify {unknown}
 r - a scroll of amnesia {unknown}
Potions
 t - a potion of ambrosia {unknown}
Miscellaneous
 e - a piece from Xom's chessboard (15/15)


   Skills:
 + Level 2.6 Fighting
 + Level 0.9 Short Blades
 + Level 0.9 Long Blades
 + Level 0.9 Axes
 + Level 0.9 Maces & Flails
 + Level 0.9 Polearms
 + Level 0.9 Staves
 + Level 0.9 Slings
 + Level 0.9 Bows
 + Level 0.9 Crossbows
 + Level 0.9 Throwing
 + Level 4.5 Armour
 + Level 2.6 Dodging
 + Level 2.4 Stealth
 + Level 0.9 Shields
 + Level 0.9 Unarmed Combat
 + Level 0.9 Spellcasting
 + Level 0.6 Conjurations
 + Level 0.6 Hexes
 + Level 0.6 Summonings
 + Level 0.6 Necromancy
 + Level 0.6 Translocations
 + Level 0.6 Transmutations
 + Level 0.6 Fire Magic
 + Level 0.6 Ice Magic
 + Level 0.6 Air Magic
 + Level 0.6 Earth Magic
 + Level 0.6 Poison Magic
 + Level 1.0 Invocations
 + Level 6.5 Evocations


You had 3 spell levels left.
You didn't know any spells.
Your spell library was empty.

Dungeon Overview and Level Annotations

Branches:
Dungeon (2/15)

Altars:
Lugonu

Shops:
D:1 *

Portals:
Abyss: D:1


Innate Abilities, Weirdness & Mutations

You have very sharp teeth.
Your uncanny sense of smell can sniff out nearby items.
Your experience applies equally to all skills.


Message History

The kobold shouts!
The ball python hisses angrily.
The kobold hits you with a +0 short sword.
You barely miss the kobold.
The kobold hits you with a +0 short sword.
The ball python bites you. The ball python grabs you.
The ball python constricts you.
You barely miss the kobold. The ball python barely misses you.
The ball python constricts you. The kobold closely misses you.
You hit the kobold.
The kobold is moderately wounded.
The ball python barely misses you. The ball python constricts you.
The kobold closely misses you. The ball python barely misses you.
The ball python constricts you.
You hit the kobold.
The kobold is severely wounded.
The kobold hits you with a +0 short sword.
The ball python bites you but does no damage.
The ball python constricts you.
The kobold hits you with a +0 short sword.
You barely miss the kobold.
The kobold is severely wounded.
The ball python bites you.
* * * LOW HITPOINT WARNING * * *
The ball python constricts you. The kobold closely misses you.
The ball python bites you.
* * * LOW HITPOINT WARNING * * *
The ball python constricts you.
* * * LOW HITPOINT WARNING * * *
As you read the scroll labelled RIL NAN JOCKYO, it crumbles to dust.
It is a scroll of enchant armour.
Your +0 leather armour glows green for a moment.
The kobold completely misses you. The ball python bites you.
* * * LOW HITPOINT WARNING * * *
The ball python constricts you.
Okay, then.
You hit the kobold.
You kill the kobold!
The ball python bites you but does no damage.
The ball python constricts you.
You die...

###..# #......
#..# #.....#
#...... #..#
#.....# #......
#..# #.....#
#...... #..#
#.....# ........
###..######.....#
####....
#.........+.....+
#....
###.#######.)S..#
#....
#...#.....'.@...#
#....
#.###.#####.....#
#....
#.........#.#####
###...
####........#
#.#... #.........
#..... #.......##
#.#... ........+
..##.. .........#
......
...######..
.......


You could see a ball python.

Vanquished Creatures
  An adder (D:2)
  3 ball pythons (D:1)
  4 endoplasms
  6 hobgoblins
  2 quokkas (D:1)
  4 bats
  A frilled lizard (D:1)
  5 goblins
  3 kobolds
  7 rats
36 creatures vanquished.

Notes
Turn   | Place    | Note
-------+----------+-------------------------------------------
     0 | D:1      | emnemthenerd the Gnoll Artificer began the quest for the
                  | Orb.
     0 | D:1      | Reached XP level 1. HP: 17/17 MP: 1/1
    87 | D:1      | Found a corrupted altar of Lugonu.
    87 | D:1      | Found a one-way gate to the infinite horrors of the Abyss.
    87 | D:1      | Noticed a quasit
    87 | D:1      | Noticed an iron imp
    87 | D:1      | Noticed a quasit
    87 | D:1      | Noticed a demonic crawler
    87 | D:1      | Noticed an iron imp
    87 | D:1      | Noticed a quasit
    87 | D:1      | Noticed an iron imp
    88 | D:1      | Noticed a quasit
   198 | D:1      | Reached XP level 2. HP: 7/23 MP: 2/2
  1046 | D:1      | Found a faded altar of an unknown god.
  1721 | D:1      | Found Juil's Assorted Antiques.
  1735 | D:1      | Reached XP level 3. HP: 25/28 MP: 3/3
  2106 | D:2      | Reached skill level 1 in Invocations
  2811 | D:2      | HP: 1/25 [ball python (1)]
  2812 | D:2      | Constricted to death by a ball python

Illustrated notes

Levels and vault maps discovered:
D:1:      erik_arrival_cave_to_civilisation [erik_arrival_cave_to_temple],
          layout_loops_ring, serial_shops, nicolae_shop_stone,
          shapermc_ecumenical_altar_notcrosses, minmay_split_cup_large
D:2:      layout_basic, minivault_11

Skill      XL: |  1  2  3 |
---------------+----------+-----
Invocations    | 1 |  1.0
Fighting       | |  2.6
Short Blades   | |  0.9
Long Blades    | |  0.9
Axes           | |  0.9
Maces & Flails | |  0.9
Polearms       | |  0.9
Staves         | |  0.9
Slings         | |  0.9
Bows           | |  0.9
Crossbows      | |  0.9
Throwing       | |  0.9
Armour         | |  4.5
Dodging        | |  2.6
Stealth        | |  2.4
Shields        | |  0.9
Unarmed Combat | |  0.9
Spellcasting   | |  0.9
Conjurations   | |  0.6
Hexes          | |  0.6
Summonings     | |  0.6
Necromancy     | |  0.6
Translocations | |  0.6
Transmutations | |  0.6
Fire Magic     | |  0.6
Ice Magic      | |  0.6
Air Magic      | |  0.6
Earth Magic    | |  0.6
Poison Magic   | |  0.6
Evocations     | |  6.5

Action                   || total
-------------------------++-------
Melee: Club              ||   164
       Bite              ||    17
       Punch             ||     1
  Use: Scroll            ||     1
 Stab: Sleeping          ||     2
Armor: Leather armour    ||    75
Dodge: Dodged            ||   185
